 Dungeon Crawl Stone Soup version 0.28.0-45-g0d030f2227 (webtiles) character file.

Game seed: 5317687795057803861

27 MisterFreud the Covert (level 3, 0/35 HPs)
             Began as a Gnoll Delver on May 15, 2022.
             Killed from afar by Blork the orc (1 damage)
             ... with a puff of flame
             ... on level 5 of the Dungeon.
             The game lasted 00:01:13 (224 turns).

MisterFreud the Covert (Gnoll Delver)                Turns: 224, Time: 00:01:14

Health: 0/35       AC:  3    Str: 11    XL:     3   Next: 10%
Magic:  3/3        EV: 13    Int: 11    God:
Gold:   12         SH:  0    Dex: 13    Spells: 3/3 levels left

rFire   . . .      SeeInvis .   a - +0 short sword
rCold   . . .      Faith    .   (no shield)
rNeg    . . .      Spirit   .   b - +0 leather armour
rPois   .          Reflect  .   (no helmet)
rElec   .          Harm     .   (no cloak)
rCorr   .          Rampage  .   (no gloves)
Will    .....                   (no boots)
Stlth   ++++......              (no amulet)
HPRegen 0.11/turn               (no ring)
MPRegen 0.08/turn               (no ring)

@: no status effects
A: fangs 1, strong nose, distributed training
a: no special abilities


You were on level 5 of the Dungeon.
You visited 1 branch of the dungeon, and saw 2 of its levels.

You collected 12 gold pieces.

Inventory:

Hand Weapons
 a - a +0 short sword (weapon)
Armour
 b - a +0 leather armour (worn)
Wands
 g - a wand of digging (3)
Scrolls
 c - 2 scrolls of fog
 d - a scroll of magic mapping
Potions
 f - a potion of haste


   Skills:
 + Level 6.5 Fighting
 + Level 4.5 Short Blades
 + Level 0.6 Long Blades
 + Level 0.6 Axes
 + Level 0.6 Maces & Flails
 + Level 0.6 Polearms
 + Level 0.6 Staves
 + Level 0.6 Slings
 + Level 0.6 Bows
 + Level 0.6 Crossbows
 + Level 0.6 Throwing
 + Level 0.6 Armour
 + Level 4.5 Dodging
 + Level 9.5 Stealth
 + Level 0.6 Shields
 + Level 0.6 Unarmed Combat
 + Level 0.6 Spellcasting
 + Level 0.4 Conjurations
 + Level 0.4 Hexes
 + Level 0.4 Summonings
 + Level 0.4 Necromancy
 + Level 0.4 Translocations
 + Level 0.4 Transmutations
 + Level 0.4 Fire Magic
 + Level 0.4 Ice Magic
 + Level 0.4 Air Magic
 + Level 0.4 Earth Magic
 + Level 0.4 Poison Magic
 + Level 0.8 Invocations
 + Level 0.6 Evocations


You had 3 spell levels left.
You didn't know any spells.
Your spell library was empty.

Dungeon Overview and Level Annotations

Branches:
Dungeon (5/15)             Temple (0/1) D:5

Altars:
Dithmenos

Shops:
D:5 !

Annotations:
D:4 Eustachio
D:5 Blork the orc


Innate Abilities, Weirdness & Mutations

You have very sharp teeth.
Your uncanny sense of smell can sniff out nearby items.
Your experience applies equally to all skills.


Message History

Eustachio is nearby!
You climb downwards.
The orc closely misses you. The orc hits you with a +0 hand axe.
Found a scroll labelled NUDUVVECRE.
Found an escape hatch in the ceiling.
There is a stone staircase leading up here.
You hit the orc.
The orc is heavily wounded.
The orc hits you with a +0 hand axe.
* * * LOW HITPOINT WARNING * * *
You closely miss the orc. Your bite misses the orc.
The orc is heavily wounded.
The orc hits you with a +0 hand axe.
* * * LOW HITPOINT WARNING * * *
You hit the orc.
The orc is almost dead.
The orc hits you with a +0 hand axe.
* * * LOW HITPOINT WARNING * * *
An orc comes into view. It is wielding a +0 dagger.
The orc barely misses you.
The orc moves out of view.
The orc shouts!
You hear a shout!
As you read the scroll of fear, it crumbles to dust.
You assume a fearsome visage.
The orc wizard looks frightened!
The orc looks frightened! x2; The orc wizard looks frightened!
The orc wizard casts a spell.
The orc wizard flickers and vanishes!
Deactivating autopickup; reactivate with Ctrl-A.
Blork the orc comes into view.
He is wielding a +0 short sword.
The orc wizard gestures wildly while chanting.
The orc wizard flickers and vanishes!
An orc comes into view. It is wielding a +0 short sword.
Found 5 gold pieces.
Blork the orc gestures wildly while chanting.
Blork the orc seems to speed up.
Found a stone staircase leading down.
Blork the orc screams, "I'll crush all your ribs!
One by one!"
Blork the orc drinks a potion.
Blork the orc seems to grow stronger.
Blork the orc screams, "I'm going to kill you!"
Blork the orc points at you and mumbles some strange words.
The puff of flame hits you.
You die...

#.... #.. ...... ##
o>.. ...... ##.##..#
#.....####....o###
..o..o...........#
........##....#.# .>.
....$...<##o.....# ...
#...#.....#.....###
##.##........#..@.....#
.#.#..##...###.....$###
.....##..#..##..###..#
#"..##......###.###...#
#...#....##.##......###
..........l........##
###.......8.∩.<.8..#
#.....>.##.......#
##...#..###....###


You could see Blork the orc (fast, strong) and 3 orcs.

Vanquished Creatures
  A hound skeleton (D:4)
  An adder (D:4)
  A hobgoblin (D:4)
  A kobold (D:4)
  A quokka (D:4)
5 creatures vanquished.

Notes
Turn   | Place    | Note
-------+----------+-------------------------------------------
     0 | D:5      | Reached skill level 9 in Stealth
     0 | D:5      | MisterFreud the Gnoll Delver began the quest for the Orb.
     0 | D:5      | Reached XP level 1. HP: 23/23 MP: 1/1
     4 | D:5      | Noticed an iguana
     5 | D:5      | Found a staircase to the Ecumenical Temple.
    17 | D:5      | Noticed an orc wizard
    51 | D:4      | Reached XP level 2. HP: 6/29 MP: 2/2
    76 | D:4      | Found a shadowy altar of Dithmenos.
   137 | D:4      | Noticed Eustachio
   182 | D:4      | Reached XP level 3. HP: 10/35 MP: 3/3
   216 | D:5      | HP: 1/35 [orc/+0 hand axe (4)]
   219 | D:5      | Noticed Blork the orc
   224 | D:5      | Killed from afar by Blork the orc

Illustrated notes

Levels and vault maps discovered:
D:4:      layout_rooms, kennysheep_ying_yang, mainiacjoe_overflow_boulevard,
          lightli_ossuary_entry_decrepit_ruins, uniq_pikel, uniq_eustachio
D:5:      layout_cave_pools, grunt_qazlal_clouds,
          nicolae_kikubaaqudgha_miasma_corner, minmay_temple_entry_waves,
          serial_shops, shop_statue, kennysheep_mini_moat, shop_statue,
          minmay_fountain_box, nicolae_sextant, uniq_edmund, uniq_blork_the_orc

Skill      XL: | |
---------------+-+-----
Stealth        | |  9.5
Fighting       | |  6.5
Short Blades   | |  4.5
Long Blades    | |  0.6
Axes           | |  0.6
Maces & Flails | |  0.6
Polearms       | |  0.6
Staves         | |  0.6
Slings         | |  0.6
Bows           | |  0.6
Crossbows      | |  0.6
Throwing       | |  0.6
Armour         | |  0.6
Dodging        | |  4.5
Shields        | |  0.6
Unarmed Combat | |  0.6
Spellcasting   | |  0.6
Conjurations   | |  0.4
Hexes          | |  0.4
Summonings     | |  0.4
Necromancy     | |  0.4
Translocations | |  0.4
Transmutations | |  0.4
Fire Magic     | |  0.4
Ice Magic      | |  0.4
Air Magic      | |  0.4
Earth Magic    | |  0.4
Poison Magic   | |  0.4
Invocations    | |  0.8
Evocations     | |  0.6

Action                   || total
-------------------------++-------
Melee: Short sword       ||    38
       Bite              ||     3
  Use: Scroll            ||     1
 Stab: Sleeping          ||     1
Armor: Leather armour    ||    10
Dodge: Dodged            ||    19
